Map: World of Sleepers LE

Players

GOReynor (Reynor) - Winner!

  • Race: Zerg Zerg
  • League: Master
  • Spawn Location: 1:00

Clem

  • Race: Terran Terran
  • League: Master
  • Spawn Location: 7:00

Event: NationWars 2019

VOD

Have the link to the VOD?

Description

Time

  • Played on: Oct. 10, 2019, 2:59 p.m.
  • Length: 25:19
Show
View Real Time Build Order
Export as new Build Order

GOReynor Zerg - Winner!

Build Orders: Hatch First 

Get SALT Encoding   

  12  0:00  Drone  
  13  0:12  Overlord  
  13  0:16  Drone  
  14  0:30  Drone x2  
  16  0:47  Hatchery  
  15  0:50  Drone  
  15  0:55  Drone  
  17  0:57  Drone  
  18  1:09  Extractor  
  17  1:13  Spawning Pool  
  17  1:16  Drone  
  17  1:19  Drone  
  18  1:27  Drone  
  19  1:38  Drone  
  20  1:49  Drone  
  21  1:59  Zergling x4  
  21  2:00  Queen x2  
  27  2:14  Hatchery  
  26  2:17  Overlord  
  26  2:21  Drone  
  27  2:23  Drone  
  28  2:37  Drone x3  
  31  2:39  Metabolic Boost  
  31  2:44  Queen  
  31  2:49  Overlord  
  32  2:52  Drone  
  32  2:55  Drone  
  32  2:57  Drone  
  35  3:09  Overlord  
  35  3:10  Drone x4  
  39  3:16  Zergling x2  
  40  3:22  Queen  
  40  3:24  Drone  
  40  3:25  Drone  
  44  3:27  Queen  
  44  3:31  Drone  
  44  3:33  Drone  
  48  3:37  Zergling x4  
  48  3:40  Overlord  
  48  3:41  Drone  
  51  3:43  Drone x2  
  51  3:46  Drone  
  51  3:48  Drone  
  55  3:54  Overlord  
  55  3:55  Drone x3  
  58  3:59  Queen  
  58  4:00  Drone  
  58  4:02  Drone  
  62  4:06  Drone  
  62  4:09  Drone  
  64  4:12  Overlord  
  64  4:15  Drone  
  64  4:16  Drone x2  
  67  4:18  Zergling x2  
  67  4:21  Zergling x4  
  72  4:26  Baneling Nest  
  72  4:27  Drone  
  72  4:31  Overlord  
  72  4:32  Drone x2  
  72  4:36  Lair  
  74  4:38  Extractor  
  74  4:40  Extractor, Overlord  
  74  4:41  Drone x3  
  74  4:42  Drone  
  74  4:45  Overlord  
  74  4:49  Overlord  
  74  4:52  Drone x3  
  77  4:54  Drone  
  77  4:57  Zergling x4  
  80  5:02  Zergling x2  
  80  5:05  Hatchery  
  80  5:07  Zergling x8  
  80  5:11  Zergling x2  
  85  5:18  Unknown  
  85  5:19  Drone x2  
  86  5:23  Evolution Chamber x2, Zergling x2  
  86  5:26  Baneling x5  
  86  5:28  Zergling x6  
  88  5:29  Overlord  
  88  5:33  Zergling x2  
  88  5:35  Zergling x2, Centrifical Hooks  
  90  5:40  Drone x2  
  92  5:45  Zergling x10  
  92  5:47  Drone x2  
  99  5:51  Baneling x5  
  99  5:53  Zergling x2  
  99  5:55  Zergling x6  
  103  5:57  Baneling x4  
  103  5:59  Zergling x2, Queen  
  103  6:02  Overlord  
  98  6:11  Queen  
  98  6:12  Zergling x2  
  98  6:17  Zergling x2  
  97  6:18  Overlord  
  97  6:20  Drone x2  
  97  6:22  Extractor  
  97  6:24  Drone  
  100  6:25  Drone  
  100  6:26  Zerg Ground Armor Level 1, Zerg Melee Weapons Level 1  
  100  6:28  Hydralisk Den, Drone  
  100  6:30  Drone x2  
  100  6:31  Drone x9  
  110  6:39  Drone x3  
  113  6:41  Drone  
  114  6:49  Spore Crawler  
  113  6:56  Zergling x12  
  113  6:57  Baneling x5  
  113  6:58  Baneling  
  113  6:59  Muscular Augments  
  113  7:00  Overlord x2  
  119  7:01  Overlord  
  119  7:07  Overlord  
  119  7:15  Drone x3  
  118  7:17  Extractor  
  118  7:20  Hydralisk  
  118  7:21  Hydralisk x8  
  137  7:23  Drone x2  
  137  7:24  Drone  
  137  7:25  Infestation Pit  
  137  7:26  Zergling x4, Spore Crawler  
  137  7:27  Hatchery  
  137  7:29  Drone  
  138  7:33  Baneling x3, Spore Crawler  
  137  7:39  Zergling x2  
  137  7:40  Zergling x10  
  137  7:41  Hydralisk x4  
  149  7:45  Zergling x2  
  149  7:49  Drone  
  149  7:50  Zergling x4  
  151  7:55  Overlord x3  
  151  7:58  Pneumatized Carapace  
  151  8:03  Overlord  
  151  8:08  Hive  
  151  8:09  Overlord  
  151  8:10  Grooved Spines  
  151  8:14  Zergling x20  
  151  8:19  Hydralisk  
  150  8:20  Zergling x8  
  150  8:21  Zergling x4  
  150  8:23  Zerg Ground Armor Level 2, Zerg Melee Weapons Level 2  
  158  8:30  Hydralisk  
  158  8:31  Hydralisk, Zergling x4  
  160  8:34  Zergling x6  
  160  8:35  Zergling x2  
  160  8:37  Baneling x2  
  160  8:38  Baneling  
  165  8:41  Zergling x8  
  165  8:43  Overlord  
  165  8:45  Drone x2  
  165  8:46  Drone x3  
  173  8:50  Spire  
  173  8:52  Drone x4  
  173  8:54  Hydralisk, Extractor  
  177  9:00  Zergling x12  
  177  9:02  Baneling  
  183  9:03  Baneling x6  
  183  9:04  Zergling x2  
  183  9:05  Zergling x6  
  183  9:07  Zergling x2  
  183  9:08  Baneling x3  
  188  9:12  Overseer x2  
  188  9:13  Zergling x2  
  188  9:14  Zergling x12, Unknown  
  194  9:18  Hydralisk, Zergling x4  
  194  9:19  Zergling x2  
  194  9:22  Overlord  
  196  9:26  Spore Crawler, Drone x3  
  196  9:27  Overseer  
  196  9:31  Zergling x8  
  195  9:36  Hydralisk, Zergling x6  
  195  9:37  Queen  
  187  9:41  Hydralisk  
  187  9:42  Zergling x6  
  187  9:44  Zergling x2  
  190  9:47  Baneling  
  190  9:48  Baneling x10  
  190  9:49  Overlord  
  189  9:59  Adrenal Glands  
  189  10:02  Spine Crawler x2  
  189  10:03  Drone  
  189  10:04  Spore Crawler, Drone  
  189  10:05  Overlord  
  188  10:11  Viper x3  
  188  10:12  Overseer  
  196  10:15  Zergling x16  
  196  10:16  Zergling x4  
  196  10:17  Drone  
  196  10:20  Hydralisk  
  196  10:21  Zergling x4  
  198  10:22  Greater Spire  
  182  10:36  Drone x4  
  182  10:40  Baneling x2  
  182  10:41  Baneling x2  
  185  10:42  Drone x2  
  185  10:43  Drone x5  
  185  10:45  Zerg Ground Armor Level 3, Spore Crawler  
  189  10:51  Drone x2  
  189  10:53  Zerg Melee Weapons Level 3  
  189  10:54  Baneling  
  189  10:55  Baneling x3  
  191  10:57  Drone x2  
  191  11:03  Zergling x18  
  200  11:09  Hydralisk  
  200  11:10  Zergling x10  
  186  11:19  Zergling x2  
  186  11:20  Zergling x14  
  186  11:22  Hydralisk  
  186  11:23  Zergling x2  
  179  11:26  Zergling x10  
  184  11:40  Zergling x18  
  189  11:52  Zergling x8  
  189  11:55  Overlord  
  183  12:02  Zergling x2  
  183  12:03  Zergling x16  
  183  12:06  Overlord  
  188  12:16  Drone x2  
  190  12:25  Baneling x5, Overseer  
  190  12:29  Drone  
  190  12:36  Baneling x6  
  190  12:39  Zergling x12  
  190  12:40  Zergling x6  
  199  12:44  Hatchery  
  190  13:11  Zergling x24  
  189  13:29  Zergling x20  
  189  13:31  Baneling x10  
  192  13:41  Zergling x8  
  192  13:42  Zergling x8  
  192  13:48  Spire  
  198  13:49  Zerg Missile Weapons Level 1  
  195  14:00  Hydralisk  
  195  14:01  Zergling x30  
  195  14:09  Zergling x2  
  190  14:10  Zergling x14  
  190  14:13  Zerg Flyer Weapons Level 1  
  190  14:16  Zergling x4  
  175  14:18  Zergling x8  
  177  14:33  Baneling x13  
  177  14:35  Zergling x16  
  177  14:37  Drone x2  
  177  14:38  Hydralisk x2, Zergling x4  
  189  14:39  Zergling x2  
  194  14:47  Zergling x4  
  194  14:48  Zergling x6  
  194  14:50  Baneling x6  
  194  14:51  Baneling  
  199  14:59  Pathogen Glands  
  199  15:04  Zergling x10  
  191  15:13  Hatchery, Zergling x20  
  198  15:21  Hydralisk  
  196  15:22  Zergling x6  
  196  15:25  Drone x2  
  196  15:27  Corruptor, Queen  
  196  15:28  Spore Crawler, Corruptor x7  
  189  15:29  Spore Crawler  
  189  15:30  Spore Crawler x2  
  196  15:41  Drone x4  
  195  15:53  Baneling x7  
  195  15:55  Zergling x8  
  196  16:04  Zergling x8  
  196  16:07  Overseer  
  188  16:16  Baneling x5  
  183  16:20  Brood Lord x4  
  183  16:21  Brood Lord x4  
  199  16:29  Zergling x4  
  200  16:48  Extractor  
  200  16:51  Extractor  
  196  16:55  Zergling x6  
  196  17:09  Baneling x3  
  196  17:11  Baneling x3  
  196  17:12  Baneling x7  
  196  17:15  Baneling  
  196  17:16  Baneling x11  
  196  17:18  Zergling x10  
  197  17:29  Overseer  
  190  17:34  Infestor  
  190  17:35  Infestor x4  
  199  17:50  Overseer  
  199  17:57  Zergling x16  
  199  18:04  Zergling x24  
  191  18:18  Zergling x18  
  199  18:24  Zerg Missile Weapons Level 2  
  199  18:25  Zerg Flyer Weapons Level 2  
  197  18:33  Drone x4  
  200  18:39  Spore Crawler x3  
  189  18:42  Burrow  
  189  18:49  Baneling x7, Spore Crawler x4  
  185  18:59  Drone x3  
  185  19:00  Queen  
  188  19:06  Baneling x6  
  188  19:13  Extractor  
  188  19:14  Extractor  
  188  19:15  Zergling x36  
  188  19:16  Zergling x2  
  199  19:20  Baneling  
  199  19:21  Baneling x5  
  199  19:22  Zergling x16  
  197  19:25  Spore Crawler  
  197  19:26  Hydralisk, Spore Crawler  
  197  19:27  Zergling x6, Spore Crawler  
  197  19:28  Hydralisk  
  196  19:31  Hydralisk  
  196  19:34  Zergling x6  
  196  19:36  Zergling x2  
  192  19:45  Zergling x10  
  192  19:46  Drone x4  
  192  19:47  Queen  
  198  19:55  Zergling x2  
  196  20:18  Baneling x11  
  194  20:25  Zergling x24  
  196  20:31  Hydralisk, Zergling x2  
  196  20:32  Zergling x8  
  196  20:38  Zergling x28  
  181  20:48  Queen  
  181  20:49  Hydralisk, Zergling x4  
  176  20:50  Zergling x6  
  176  20:55  Hydralisk  
  175  20:57  Queen  
  175  20:58  Drone x6  
  183  21:04  Baneling x9  
  183  21:06  Overseer  
  183  21:07  Infestor  
  183  21:11  Corruptor x2  
  181  21:17  Baneling x6  
  181  21:18  Overlord x2  
  185  21:26  Drone  
  185  21:31  Baneling x9  
  186  21:34  Hatchery  
  186  21:35  Zergling x2  
  186  21:38  Zergling x2  
  186  21:39  Zergling x26  
  197  21:43  Hydralisk  
  197  21:44  Zergling x10  
  192  21:47  Zergling x8  
  192  21:52  Hydralisk  
  192  21:53  Zergling x16  
  193  21:56  Hydralisk  
  193  21:57  Zergling x4  
  193  21:58  Brood Lord  
  197  22:03  Zergling x6  
  197  22:04  Zergling x14  
  197  22:07  Overlord x2  
  198  22:12  Baneling x9  
  196  22:18  Zerg Flyer Weapons Level 3  
  196  22:21  Overlord  
  196  22:22  Overseer  
  194  22:27  Baneling x8  
  194  22:29  Corruptor x3  
  200  22:50  Overseer  
  200  23:01  Baneling x10  
  200  23:03  Overseer x2  
  196  23:24  Corruptor x2  
  200  23:40  Zergling x6  
  199  23:44  Zergling x18  
  195  23:56  Baneling x7  
  195  23:57  Baneling x3, Zergling x8  
  195  23:58  Zergling x10  
  195  24:00  Zergling x2  
  198  24:06  Hydralisk  
  198  24:07  Zergling x32  
  198  24:08  Zergling x4  
  198  24:09  Hydralisk x2  
  198  24:10  Zergling x2  
Show
View Real Time Build Order
Export as new Build Order

Clem Terran 

Build Orders: Reaper Expand 

Get SALT Encoding   

  12  0:00  SCV  
  13  0:12  SCV  
  14  0:16  Supply Depot  
  14  0:24  SCV  
  15  0:38  SCV  
  15  0:39  Barracks  
  16  0:43  Refinery  
  16  0:50  SCV  
  17  1:02  SCV  
  18  1:14  SCV  
  19  1:26  Reaper  
  19  1:27  Orbital Command  
  20  1:38  Command Center  
  20  1:48  Supply Depot  
  20  1:52  SCV  
  21  1:58  Marine  
  22  2:04  SCV  
  22  2:06  Factory  
  23  2:16  SCV  
  23  2:19  Marine  
  25  2:28  SCV  
  26  2:35  Command Center  
  26  2:40  Barracks Reactor  
  26  2:41  SCV  
  27  2:50  Hellion  
  29  2:52  Orbital Command  
  29  2:54  SCV  
  30  3:06  SCV  
  30  3:07  Barracks  
  31  3:19  Hellion, SCV x2  
  35  3:22  Barracks Tech Lab  
  35  3:31  SCV x2  
  37  3:36  Refinery x2  
  37  3:42  Stimpack, Marine  
  37  3:43  Hellion x2, SCV  
  37  3:45  SCV  
  44  3:49  Orbital Command  
  44  3:55  SCV  
  45  3:57  SCV  
  46  4:05  Supply Depot  
  46  4:06  Marine  
  46  4:07  SCV  
  48  4:10  Marine x2  
  48  4:12  SCV  
  48  4:17  Starport, Factory Reactor  
  51  4:18  SCV  
  51  4:19  SCV  
  51  4:23  Marine  
  51  4:24  SCV  
  55  4:30  Marine x2, SCV, Supply Depot  
  58  4:32  SCV  
  58  4:37  SCV  
  58  4:38  Engineering Bay  
  60  4:39  Engineering Bay  
  60  4:41  Marine  
  60  4:44  Supply Depot  
  60  4:45  Refinery, SCV  
  62  4:48  SCV  
  62  4:50  Marine x2  
  62  4:51  SCV  
  66  4:56  Armory  
  66  4:59  SCV  
  67  5:00  Factory Tech Lab  
  67  5:02  Medivac  
  67  5:03  Medivac  
  67  5:04  Marine  
  67  5:06  SCV  
  73  5:09  Marine x2  
  73  5:12  Terran Infantry Weapons Level 1  
  73  5:13  Terran Infantry Armor Level 1  
  73  5:14  Orbital Command  
  75  5:15  SCV  
  75  5:20  Barracks  
  76  5:22  Siege Tank  
  76  5:24  Marine  
  80  5:31  Marine, SCV  
  80  5:32  Marine  
  83  5:39  Barracks  
  83  5:40  Barracks  
  83  5:41  Supply Depot  
  83  5:44  Marine  
  83  5:48  Supply Depot  
  83  5:49  Marine  
  85  5:52  Supply Depot  
  85  6:03  Medivac x2, SCV x3  
  91  6:07  Marine  
  91  6:08  Orbital Command  
  85  6:12  Marine  
  85  6:13  Marine  
  85  6:15  SCV x2  
  85  6:16  Barracks Reactor  
  75  6:20  Siege Tank  
  75  6:27  Barracks Reactor, SCV x2  
  75  6:28  Barracks Reactor  
  75  6:30  Marine x2  
  79  6:33  Medivac x2  
  79  6:34  SCV  
  79  6:39  SCV x2  
  86  6:40  Marine  
  86  6:42  Supply Depot  
  86  6:46  SCV  
  88  6:47  Combat Shield, Marine  
  88  6:51  SCV x2  
  88  6:52  Marine x2  
  88  6:53  Supply Depot  
  93  6:54  Marine  
  93  6:58  Marine  
  93  7:00  SCV  
  96  7:01  Factory  
  96  7:03  SCV  
  96  7:05  Marine x5  
  96  7:07  Drilling Claws  
  102  7:09  Refinery, Widow Mine  
  102  7:11  SCV  
  102  7:12  SCV  
  102  7:14  Terran Infantry Weapons Level 2  
  105  7:16  Marine x2  
  105  7:17  Marine  
  105  7:18  SCV  
  105  7:20  Marine  
  110  7:23  SCV, Supply Depot  
  110  7:24  SCV  
  110  7:28  Refinery, Marine x2  
  110  7:29  Marine x2  
  116  7:30  SCV  
  117  7:39  Marine, SCV x2  
  117  7:42  Supply Depot x2  
  117  7:44  Marine x3  
  117  7:45  Widow Mine, SCV  
  117  7:46  Marine  
  117  7:47  Marine  
  117  7:51  Supply Depot  
  125  7:53  Terran Infantry Armor Level 2  
  125  7:55  SCV x2, Factory Reactor  
  125  8:03  Marine x3, SCV  
  129  8:06  Marine x2, Widow Mine  
  129  8:07  Marine x2, SCV, Supply Depot  
  129  8:10  Medivac x2  
  129  8:12  Marine  
  141  8:18  Marine  
  137  8:21  Marine x3  
  137  8:23  Supply Depot  
  139  8:28  Widow Mine  
  139  8:29  Command Center  
  139  8:32  Marine x2  
  139  8:33  Marine  
  137  8:37  Marine, Widow Mine  
  137  8:40  Medivac x2  
  144  8:43  Marine  
  144  8:44  Marine x4  
  149  8:50  Sensor Tower, Marine, Supply Depot  
  149  8:52  Widow Mine x2  
  154  8:57  Terran Vehicle And Ship Armor Level 1  
  154  9:00  Marine  
  154  9:02  Marine x2  
  155  9:03  Marine, Supply Depot  
  155  9:04  Widow Mine  
  155  9:05  Marine x2  
  162  9:13  Barracks  
  162  9:14  Supply Depot, Barracks  
  162  9:16  Widow Mine  
  164  9:17  Widow Mine  
  164  9:18  Barracks  
  157  9:25  Marauder  
  157  9:30  Widow Mine  
  160  9:35  Medivac, Marine x3  
  160  9:37  Widow Mine  
  158  9:40  Widow Mine  
  158  9:42  Marine x2  
  158  9:43  Marine  
  159  9:45  Marine x2  
  159  9:46  Sensor Tower  
  159  9:47  Marauder  
  159  9:51  Widow Mine  
  165  9:53  SCV x2  
  165  9:58  Marine x3  
  165  9:59  Widow Mine  
  172  10:00  Marine x2  
  172  10:01  Planetary Fortress  
  172  10:02  Barracks Tech Lab  
  172  10:03  Barracks Tech Lab  
  172  10:04  Unknown  
  174  10:08  Marauder  
  174  10:13  Barracks Tech Lab  
  176  10:14  Widow Mine x2  
  176  10:16  Marine x3  
  176  10:19  Terran Infantry Weapons Level 3  
  176  10:20  Widow Mine  
  181  10:22  Concussive Shells  
  181  10:23  Liberator  
  181  10:27  Terran Infantry Armor Level 3  
  181  10:34  Marine x2, Marauder  
  181  10:35  Marine x4  
  172  10:36  Widow Mine x2  
  172  10:41  Widow Mine  
  180  10:44  Marine x2, Marauder  
  180  10:45  Marine  
  180  10:46  Marine  
  184  10:51  Marine  
  184  10:54  Command Center  
  184  10:56  SCV  
  186  10:57  SCV x2  
  186  11:00  Widow Mine  
  186  11:02  Widow Mine  
  192  11:05  Liberator  
  192  11:08  Widow Mine  
  192  11:10  Marauder, Marine x2  
  192  11:11  Marauder, Marine x2  
  180  11:16  Marine x2  
  180  11:17  Marauder, Marine x2  
  183  11:21  Widow Mine  
  183  11:23  Widow Mine  
  172  11:26  Marine  
  172  11:28  Marine x2  
  172  11:29  Widow Mine  
  176  11:33  Terran Vehicle And Ship Armor Level 2  
  176  11:36  Starport  
  176  11:39  Starport  
  176  11:43  Widow Mine  
  173  11:48  Widow Mine  
  173  11:49  Command Center, Marauder  
  173  11:53  Marine  
  173  11:54  Marauder  
  174  11:55  Marauder  
  174  11:56  Marine  
  174  11:57  Liberator  
  167  12:02  Medivac  
  167  12:03  Marine x3, Marauder  
  167  12:05  Medivac  
  156  12:11  Siege Tank, Widow Mine  
  156  12:15  Liberator  
  164  12:19  Ghost Academy  
  164  12:21  Marine  
  164  12:22  Marauder  
  167  12:24  Marine x3, Marauder  
  169  12:32  Widow Mine  
  169  12:35  Liberator  
  169  12:36  Fusion Core, Starport Tech Lab  
  174  12:37  Marine x4  
  174  12:38  Marauder  
  174  12:40  Widow Mine  
  182  12:47  Planetary Fortress  
  178  12:53  Refinery, Ghost  
  178  12:54  Refinery  
  178  12:57  Medivac, Ghost  
  178  13:00  Ghost  
  179  13:09  Marine x6  
  179  13:10  Marine  
  179  13:12  Widow Mine x2  
  178  13:14  Orbital Command  
  178  13:16  Marine, Widow Mine  
  172  13:21  Ghost  
  172  13:22  Ghost  
  172  13:26  Marine x2  
  174  13:28  Medivac  
  174  13:32  Liberator x2  
  174  13:34  Widow Mine x2  
  179  13:36  Advanced Ballistics  
  179  13:37  Starport Reactor  
  179  13:40  Marine x2  
  164  13:42  Marine x4  
  164  13:44  Widow Mine  
  171  13:57  Widow Mine  
  171  13:58  Medivac  
  171  14:02  Marine x2  
  156  14:03  Marauder  
  142  14:13  Widow Mine  
  142  14:14  Medivac, Liberator x2  
  142  14:16  Marine x6  
  139  14:19  SCV  
  139  14:23  Command Center  
  138  14:27  Widow Mine x2  
  148  14:43  Widow Mine  
  150  14:49  Marine, Widow Mine  
  150  14:50  Marine, Marauder  
  150  14:51  Supply Depot  
  156  14:55  Marine x4, Marauder  
  156  14:58  Marine x2  
  164  15:06  Marine, Widow Mine  
  164  15:07  Marauder, Marine  
  165  15:08  Marine  
  165  15:11  Marine  
  166  15:17  Medivac  
  166  15:20  Marine x2  
  158  15:28  Liberator x2, Widow Mine  
  158  15:29  Liberator  
  158  15:34  Liberator, Widow Mine  
  160  15:38  Liberator  
  160  15:42  SCV x2  
  162  15:43  Ghost  
  162  15:45  Widow Mine  
  162  15:46  Sensor Tower  
  174  15:50  Widow Mine  
  180  15:57  SCV  
  181  16:04  SCV  
  176  16:11  Liberator x3  
  176  16:14  Ghost  
  176  16:16  Supply Depot  
  176  16:17  Supply Depot x2  
  174  16:23  Liberator  
  174  16:26  SCV x2  
  174  16:28  Planetary Fortress  
  174  16:30  SCV  
  174  16:31  SCV  
  187  16:36  Widow Mine x2  
  191  16:53  Widow Mine  
  193  16:55  Viking  
  193  16:56  Terran Ship Weapons Level 1  
  193  16:57  Liberator  
  190  17:09  Liberator, Barracks  
  190  17:13  Widow Mine  
  195  17:17  Ghost  
  197  17:27  Hi-Sec Auto Tracking, Neosteel Armor  
  200  17:33  Starport x2  
  200  17:37  Command Center  
  200  17:38  Command Center  
  200  17:43  Viking  
  200  17:58  Command Center  
  200  18:04  Viking x2  
  180  18:09  Ghost x2  
  174  18:13  Ghost x2  
  160  18:24  Widow Mine x3, Viking  
  168  18:28  Liberator  
  168  18:29  Liberator  
  168  18:30  Personal Cloaking  
  165  18:38  Ghost x2  
  169  18:46  Viking x3  
  181  18:54  Orbital Command  
  181  18:56  Liberator  
  181  18:58  Liberator  
  181  19:00  Marine, Ghost x2  
  181  19:01  Marine x2  
  188  19:09  Widow Mine  
  194  19:18  Marine x4  
  194  19:19  Marine  
  194  19:22  Marine x2  
  196  19:26  Orbital Command  
  196  19:27  Widow Mine  
  196  19:30  Widow Mine  
  194  19:42  Barracks Tech Lab  
  194  19:44  Ghost Academy  
  194  19:46  Ghost Academy  
  194  19:47  Ghost Academy  
  194  19:48  Refinery x2  
  194  19:51  Planetary Fortress  
  192  19:57  Missile Turret, Liberator, Marine  
  195  20:07  Ghost  
  181  20:23  Ghost  
  179  20:29  Orbital Command  
  179  20:31  Ghost  
  179  20:34  SCV  
  178  20:37  Widow Mine  
  145  20:42  Ghost  
  145  20:46  Marine x2, Marauder  
  139  20:51  Ghost  
  139  20:56  SCV x2  
  143  20:58  SCV  
  143  21:03  Marine  
  139  21:04  Marauder  
  139  21:08  Liberator x2  
  139  21:09  Marine x2, Marauder  
  139  21:10  Marine x3  
  139  21:11  Marine x3  
  148  21:12  Marauder  
  148  21:14  Widow Mine  
  153  21:20  Marine  
  153  21:21  Marine  
  153  21:23  Widow Mine x2  
  153  21:25  Marine  
  160  21:27  Marine x3  
  160  21:29  Marauder  
  160  21:30  Command Center  
  160  21:31  Marauder  
  173  21:33  Marauder  
  173  21:35  Widow Mine  
  174  21:41  Marine  
  174  21:42  Marauder  
  174  21:44  Marine x2, Widow Mine, Marauder  
  174  21:45  Marine x3  
  164  21:51  Marauder  
  164  21:53  Widow Mine  
  161  21:54  Ghost  
  161  21:57  Widow Mine  
  161  21:58  Marine  
  152  22:02  Ghost  
  152  22:06  Widow Mine  
  152  22:07  SCV  
  152  22:08  Marine  
  150  22:09  Marine  
  150  22:15  Ghost  
  150  22:32  Widow Mine x3  
  150  22:34  Ghost x2  
  160  22:39  Marine x2  
  160  22:40  Marine x2  
  160  22:43  Marine  
  163  22:53  Widow Mine  
  163  22:54  Marine x2  
  163  22:55  Marauder, Widow Mine x2  
  173  23:00  Liberator  
  173  23:01  Liberator  
  173  23:02  SCV x3  
  173  23:04  SCV  
  177  23:07  SCV  
  177  23:08  Liberator  
  176  23:13  SCV  
  176  23:15  Widow Mine  
  176  23:17  Widow Mine x2  
  184  23:20  Ghost  
  177  23:34  Marine x3, Viking  
  177  23:39  Refinery  
  164  23:49  Marauder  
  163  23:58  Widow Mine  
  156  24:05  Medivac  
  156  24:06  Widow Mine  
  156  24:07  Marine, Widow Mine  
  122  24:13  Marine x2  
  122  24:16  Marine x2  
  97  24:28  Widow Mine  
Tags
 
Add a new tag
Caveats
  • Supply blocks, unpowered buildings, or Contaminate may cause inaccurate times.
  • Supply counts are checked every 10 seconds.